 Dungeon Crawl Stone Soup version 0.28-a0-479-g5baa6b73be (webtiles) character file.

Game seed: 2075498246041847660

33 spiderkeys the Skirmisher (level 3, -1/26 HPs)
             Began as an Octopode Abyssal Knight on Sept 18, 2021.
             Was a Follower of Lugonu.
             Slain by an ancient zyme (15 damage)
             ... on level 5 of the Abyss.
             The game lasted 00:01:20 (306 turns).

spiderkeys the Skirmisher (Octopode Abyssal Knight)  Turns: 306, Time: 00:01:20

Health: -1/26      AC:  1    Str: 12      XL:     3   Next: 29%
Magic:  4/4        EV: 13    Int: 14      God:    Lugonu [*.....]
Gold:   89         SH:  0    Dex:  8 (11) Spells: 2/2 levels left

rFire   . . .      SeeInvis .     - Unarmed
rCold   . . .      Faith    .   (no shield)
rNeg    . . .      Spirit   .   (helmet restricted)
rPois   .          Reflect  .   (no amulet)
rElec   .          Harm     .   (no ring)
rCorr   .          Rampage  .   (no ring)
Will    .....                   (no ring)
Stlth   ++........              (no ring)
HPRegen 0.00/turn               (no ring)
MPRegen 0.09/turn               (no ring)
                                (no ring)
                                (no ring)

@: badly diseased
A: almost no armour, amphibious, 8 rings, camouflage 1, gelatinous body 1,
(nimble swimmer 1), tentacles
a: Renounce Religion, Depart the Abyss


You were on level 5 of the Abyss.
You worshipped Lugonu.
Lugonu was aware of your devotion.
You visited 0 branches of the dungeon, and saw 0 of its levels.
You visited the Abyss 1 time.

You collected 89 gold pieces.


Innate Abilities, Weirdness & Mutations

You cannot wear most types of armour.
You are amphibious.
You can wear up to eight rings at the same time.
Your skin changes colour to match your surroundings (Stealth+).
Your rubbery body absorbs attacks. (AC +1, EV +1)
((You are camouflaged near water. (Stealth+)))
You have tentacles for arms and can constrict up to eight enemies at once.


   Skills:
 + Level 3.3 Fighting
 + Level 2.8 Dodging
 + Level 2.4 Unarmed Combat
 + Level 2.5 Invocations


You had 2 spell levels left.
You didn't know any spells.
Your spell library was empty.

Inventory:

Missiles
 a - 11 sling bullets
 b - 9 stones

Dungeon Overview and Level Annotations

Branches:
Dungeon (0/15)

Altars:

. # #.#. ...##
#... #### .
..#.#.# ≈## ..
###.##.###≈≈
.##..@x...#.#
#..##.#x.....##≈≈
....$........≈≈≈
......≈≈≈....#♣.
..?..#≈#≈≈#≈......
#.#..#≈≈≈≈≈≈#..##.
###..#≈#≈≈#≈≈....#
≈
#...≈≈≈≈≈≈≈≈#...#
### #..≈≈≈≈≈≈≈≈≈#
### ## .


You could see 2 ancient zymes.


Message History

The quasit claws you but does no damage.
The quasit barely misses you. x2; The quasit claws you.
* * * LOW HITPOINT WARNING * * *
The quasit barely misses you. 😱 HP[-5]
You take 5 damage, and now have 2/16 hp.
MASSIVE DAMAGE!! (PAUSE)
You tentacle-slap the quasit. You squeeze the quasit. You constrict the quasit.
The quasit barely misses you. The quasit completely misses you.
The quasit closely misses you.
You tentacle-slap the quasit. Your squeeze misses the quasit.
You constrict the quasit. The quasit barely misses you.
The quasit closely misses you. The quasit barely misses you.
You tentacle-slap the quasit.
You kill the quasit!
You feel your dexterity returning.
You have reached level 2!
You have reached level 3!
Your experience leads to an increase in your attributes!
Your base attributes are Str 11, Int 14, Dex 11.
Increase (S)trength, (I)ntelligence, or (D)exterity?
You feel stronger. 😱 HP[+2] MP[+2]
You now have 26 max hp (+10).
You regained 2 hp, and now have 4/26 hp.
Your mp is fully restored (4).
You start resting.
The substance of the Abyss twists violently, and a gateway leading out appears! 😨 HP[+3]
You regained 3 hp, and now have 7/26 hp. 😨 HP[+1]
There is a gateway leading deeper into the Abyss here.
You plunge deeper into the Abyss.
The abyssal rune of Zot can be found at this depth.
b - 9 stones 😨 HP[+1]
As you read the scroll labelled WEJEWKAIPN, it crumbles to dust.
It is a scroll of enchant weapon.
You aren't carrying any weapons that can be enchanted. 😨 HP[+1]
a - 11 sling bullets A white imp comes into view. 😨 HP[+1]
c - a scroll labelled ATEAMO PODUEPN
As you read the scroll labelled ATEAMO PODUEPN, it crumbles to dust.
You feel strangely unstable.
You feel the power of the Abyss delaying your translocation!
It was a scroll of teleportation. 😨 HP[+1]
You are suddenly pulled into a different region of the Abyss!
A flayed ghost comes into view. 😮 HP[+4]
You regained 4 hp, and now have 16/26 hp. 😮 HP[+1]
An apocalypse crab comes into view.
The apocalypse crab breathes chaos at you.
The blast of chaos misses you.
You are engulfed in seething chaos.
Found a gateway leading deeper into the Abyss.
The apocalypse crab breathes chaos at you. 😮 HP[+1]
A chaos spawn comes into view.
A chaos spawn comes into view.
The chaos spawn buzzes angrily.
You hear a screech!
There is a gateway leading deeper into the Abyss here.
You plunge deeper into the Abyss.
The abyssal rune of Zot can be found at this depth. 😮 HP[+1]
You now have 89 gold pieces (gained 31).
The dire elephant trumpets!
You hear a trumpeting! x2 😕 HP[+1]
Found a gateway leading deeper into the Abyss. 😕 HP[+1]
There is a gateway leading deeper into the Abyss here.
You plunge deeper into the Abyss.
The abyssal rune of Zot can be found at this depth.
An ancient zyme comes into view.
You feel yourself growing ill in the presence of the ancient zyme.
You feel ill. 😕 HP[+1]
You feel ill.
You see here 23 gold pieces.
An ancient zyme comes into view.
Unknown command.
You feel ill.
You feel ill.
A small abomination comes into view.
You feel ill.
You see here a scroll labelled GOASIE PAOP.
As you read the scroll labelled GOASIE PAOP, it crumbles to dust.
It is a scroll of amnesia.
You feel forgetful for a moment.
You feel ill. The ancient zyme hits you! The ancient zyme barely misses you.
You feel ill. 😮 HP[-8]
You take 8 damage, and now have 14/26 hp.
MASSIVE DAMAGE!! (PAUSE)
You feel ill. The ancient zyme hits you!
Ouch! That really hurt!
You die...

Action                   || total
-------------------------++-------
Melee: Unarmed           ||     8
       Tentacles         ||     2
       Constrict         ||     1
  Use: Scroll            ||     3
Armor: Skin              ||     1
Dodge: Dodged            ||    16

Levels and vault maps discovered:
Abyss:5:  base: Temple, base: Temple, minivault_25_ag,
          nicolae_abyss_rune_left_handed, minivault_4

Notes
Turn   | Place    | Note
-------+----------+-------------------------------------------
     0 | Abyss:1  | spiderkeys the Octopode Abyssal Knight began the quest for
                  | the Orb.
     0 | Abyss:1  | Reached XP level 1. HP: 16/16 MP: 2/2
     0 | Abyss:1  | magus.rc [v1.9.10]
    12 | Abyss:2  | Found a corrupted altar of Lugonu.
    36 | Abyss:2  | Noticed a quasit
    48 | Abyss:2  | HP: 4/16 [quasit (3)]
    51 | Abyss:2  | Killed a quasit
    52 | Abyss:2  | Reached XP level 2. HP: 3/21 MP: 3/3
    52 | Abyss:2  | Reached XP level 3. HP: 4/26 MP: 4/4
    96 | Abyss:2  | Noticed a large abomination
   205 | Abyss:3  | Noticed a flayed ghost
   219 | Abyss:3  | Noticed an apocalypse crab
   227 | Abyss:3  | Noticed a chaos spawn
   230 | Abyss:3  | Noticed a chaos spawn
   247 | Abyss:4  | Noticed a dire elephant
   250 | Abyss:4  | Noticed a dire elephant
   268 | Abyss:5  | Entered Level 5 of the Abyss
   268 | Abyss:5  | Noticed a starcursed mass
   268 | Abyss:5  | Noticed a thorn hunter
   271 | Abyss:5  | Noticed an ancient zyme
   291 | Abyss:5  | Noticed an ancient zyme
   297 | Abyss:5  | Noticed a large abomination
   302 | Abyss:5  | Noticed a small abomination
   306 | Abyss:5  | Slain by an ancient zyme

Vanquished Creatures
  A quasit (Abyss:2)
1 creature vanquished.

Table legend:
 A = Non-vault XP
 B = Vault XP
 C = Vault XP percentage of total XP
 D = Non-vault monster count
 E = Vault monster count
 F = Vault count percentage of total count
                 A         B        C        D         E       F
            +---------+---------+-------+---------+---------+-------
      Total |      48 |       0 |   0.0 |       1 |       0 |   0.0
            +---------+---------+-------+---------+---------+-------
    Abyss:2 |      48 |       0 |   0.0 |       1 |       0 |   0.0
            +---------+---------+-------+---------+---------+-------

Illustrated notes

Table legend:
 A = Kills in this place as a percentage of kills in entire the game.
 B = Kills by you in this place as a percentage of kills by you in the entire game.
 C = Kills by friends in this place as a percentage of kills by friends in the entire game.
 D = Other kills in this place as a percentage of other kills in the entire game.
 E = Experience gained in this place as a percentage of experience gained in the entire game.
 F = Experience gained in this place divided by the number of levels of this place that you have seen.
                   A       B       C       D       E      F
               +-------+-------+-------+-------+-------+----------------------
         Total | 100.0 | 100.0 |   N/A |   N/A | 100.0 |   9.6
         Abyss | 100.0 | 100.0 |   N/A |   N/A | 100.0 |   9.6
               +-------+-------+-------+-------+-------+----------------------

Table legend: (Time is in decaauts)
 A = Elapsed time spent in this place.
 B = Non-inter-level travel time spent in this place.
 C = Inter-level travel time spent in this place.
 D = Time resting spent in this place.
 E = Time spent auto-exploring this place.
 F = Levels seen in this place.
 G = Mean time per level.
                   A        B        C        D        E       F      G
               +--------+--------+--------+--------+--------+-----+--------+
         Total |    304 |    304 |      0 |     36 |     49 |   5 |   60.8 |
         Abyss |    304 |    304 |      0 |     36 |     49 |   5 |   60.8 |
               +--------+--------+--------+--------+--------+-----+--------+

Top non-repeatable levels by time:
 Abyss:3: 125 daAuts
 Abyss:2: 94 daAuts
 Abyss:5: 37 daAuts
 Abyss:4: 34 daAuts
 Abyss:1: 12 daAuts
